 Dungeon Crawl Stone Soup version 0.22.1-1-ga44c0e56f4 (webtiles) character file.

313 Ivernyr the Digger (level 6, 49/49 HPs)
             Began as a Deep Dwarf Earth Elementalist on Sept 28, 2018.
             Quit the game on level 3 of the Dungeon on Sept 29, 2018.
             The game lasted 00:25:57 (3471 turns).

Ivernyr the Digger (Deep Dwarf Earth Elementalist)  Turns: 3471, Time: 00:25:58

Health: 49/49      AC:  2    Str: 11    XL:     6   Next: 19%
Magic:  8/8        EV: 14    Int: 18    God:
Gold:   132        SH:  0    Dex: 13    Spells: 5/11 levels left

rFire    . . .     SeeInvis .   a - +0 whip
rCold    . . .     Gourm    .   (no shield)
rNeg     . . .     Faith    .   c - +0 robe
rPois    .         Spirit   .   (no helmet)
rElec    .         Reflect  .   (no cloak)
rCorr    .         Harm     .   (no gloves)
MR       .....                  (no boots)
Stlth    ++........             (no amulet)
HPRegen  0.00/turn              (no ring)
MPRegen  0.11/turn              (no ring)

@: non-regenerating
A: damage resistance, heal wounds, sense surroundings 1, no regeneration
a: Heal Wounds


You were on level 3 of the Dungeon.
You were not hungry.

You visited 1 branch of the dungeon, and saw 3 of its levels.

You collected 132 gold pieces.

Inventory:

Hand Weapons
 a - a +0 whip (weapon)
Missiles
 b - 115 stones (quivered)
Armour
 c - a +0 robe (worn)
Scrolls
 e - 2 scrolls of immolation {unknown}
 i - 3 scrolls of identify {unknown}
 k - a scroll of teleportation {unknown}
 l - a scroll of enchant armour {unknown}
 m - a scroll of blinking {unknown}
 o - 2 scrolls of remove curse {unknown}
 p - a scroll of fog {unknown}
Potions
 f - a potion of haste {unknown}
 g - a potion of ambrosia {unknown}
 h - 3 potions of curing {unknown}
 j - a potion of heal wounds {unknown}
 n - a potion of agility {unknown}
 q - a potion of berserk rage {unknown}
 r - a potion of degeneration {unknown}
Comestibles
 d - 7 rations
 s - 2 chunks of flesh


   Skills:
 + Level 4.0 Dodging
 - Level 2.4 Stealth
 + Level 3.1 Spellcasting
 - Level 0.8 Transmutations
 * Level 7.1 Earth Magic


You had 5 spell levels left.
You knew the following spells:

 Your Spells              Type           Power        Failure   Level  Hunger
a - Sandblast             Erth           ####..       1%          1    None
b - Stone Arrow           Conj/Erth      ###...       11%         3    ###....
c - Passwall              Tmut/Erth      ###.....     4%          2    ##.....

Your spell library contained the following spells:

 Spells                   Type           Power        Failure   Level  Hunger
 Lee's Rapid Deconstruct  Erth           ####......   24%         5    ######.
 Petrify                  Tmut/Erth      ###.....     30%         4    ####...


Dungeon Overview and Level Annotations

Branches:
Dungeon (3/15)

Altars:
Ashenzari
Cheibriados
Gozag
Okawaru


Innate Abilities, Weirdness & Mutations

You are resistant to damage.
You can heal yourself by infusing magical energy.
You passively map a small area around you.
You do not regenerate.


Message History

You have reached level 6!
Your experience leads to an increase in your attributes!
Increase (S)trength, (I)ntelligence, or (D)exterity?
Uppercase letters only, please.
You feel clever.
Things that are here:
a glaive; a chain mail; an orc corpse You butcher the orc corpse.
s - 2 chunks of flesh
Things that are here:
a glaive; a chain mail You start resting.
Your magical contamination has completely faded away.
You start resting.
Magic restored.
Your magical essence is drained by the effort!
You feel much better.
You feel much better.
Unknown command.
Are you sure you want to abandon this character and quit the game? (Confirm

#####.......##.........# .#
#......)##.........### .#
######.[##..####)....########
.##### #...........#.....#.......
.....# #...........#.....#.......
[....# #...........#.....#.......
.....###...........#>....#.......
.....'.'...........'.............
.....###........@..#.............
.##### ##########..#.............
## ##.#...##########
########'####..........
#.........####...#...#.
#.........##...........
#########............#...#...#.
###.......#########..#....)......
..'........# #..#.##########


There were no monsters in sight!

Vanquished Creatures
  An orc warrior (D:3)
  3 orc priests (D:3)
  An orc wizard (D:2)
  6 adders
  An ooze (D:1)
  A worm (D:2)
  A dart slug (D:1)
  A leopard gecko (D:3)
  2 orcs (D:3)
  3 ball pythons
  A giant cockroach (D:1)
  5 goblins
  2 hobgoblins
  4 jackals (D:1)
  7 kobolds
  4 bats
  A frilled lizard (D:1)
  2 rats (D:1)
46 creatures vanquished.

Notes
Turn   | Place    | Note
-------+----------+-------------------------------------------
     0 | D:1      | Ivernyr the Deep Dwarf Earth Elementalist began the quest
                  | for the Orb.
     0 | D:1      | Reached XP level 1. HP: 15/15 MP: 3/3
   118 | D:1      | Reached XP level 2. HP: 20/22 MP: 1/5
   539 | D:1      | Reached XP level 3. HP: 18/28 MP: 6/6
  1084 | D:2      | Found a snail-covered altar of Cheibriados.
  1084 | D:2      | Found an opulent altar of Gozag.
  1101 | D:2      | Found an iron altar of Okawaru.
  1114 | D:2      | Learned a level 3 spell: Stone Arrow
  1117 | D:2      | Learned a level 2 spell: Passwall
  1154 | D:2      | Reached skill level 5 in Earth Magic
  1374 | D:2      | Reached XP level 4. HP: 19/36 MP: 0/7
  2177 | D:3      | Reached skill level 6 in Earth Magic
  2240 | D:2      | Reached XP level 5. HP: 36/42 MP: 1/9
  2416 | D:3      | Found a shattered altar of Ashenzari.
  2748 | D:3      | Noticed an orc warrior
  3422 | D:3      | Killed an orc warrior
  3422 | D:3      | Reached skill level 7 in Earth Magic
  3422 | D:3      | Reached XP level 6. HP: 11/49 MP: 3/9
  3471 | D:3      | Quit the game

Skill      XL: |  1  2  3  4  5 |
---------------+----------------+-----
Spellcasting   | 2 3 |  3.1
Earth Magic    | 5 6 7 |  7.1
Dodging        | 3 4 |  4.0
Stealth        | |  2.4
Transmutations | |  0.8

Action                   |  1- 3 |  4- 6 || total
-------------------------+-------+-------++-------
Melee: Unarmed           |    14 |       ||    14
       Whip              |    81 |    41 ||   122
 Cast: Sandblast         |    13 |     4 ||    17
       Stone Arrow       |     5 |    34 ||    39
 Abil: Heal Wounds       |     1 |     7 ||     8
 Stab: Sleeping          |     1 |     1 ||     2
  Eat: Chunk             |     2 |     8 ||    10
       Ration            |       |     1 ||     1
Armor: Robe              |    26 |     5 ||    31
Dodge: Dodged            |    75 |    37 ||   112
